 Dungeon Crawl Stone Soup version 0.26.0-7-g794d0892b4 (webtiles) character file.

Game seed: 7150461327966673411

44 Jerry the Skirmisher (level 3, -9/23 HPs)
             Began as a Tengu Abyssal Knight on Jan 11, 2021.
             Was a Believer of Lugonu.
             Killed by divine providence
             ... invoked by an orc priest
              (10 damage)
             ... on level 2 of the Dungeon.
             The game lasted 00:04:26 (1626 turns).

Jerry the Skirmisher (Tengu Abyssal Knight)         Turns: 1626, Time: 00:04:27

Health: -9/23      AC:  3    Str: 13    XL:     3   Next: 60%
Magic:  5/5        EV: 11    Int: 12    God:    Lugonu [**....]
Gold:   83         SH:  0    Dex: 13    Spells: 2/2 levels left

rFire    . . .     SeeInvis .   i - +1 whip (drain)
rCold    . . .     Faith    .   (no shield)
rNeg     . . .     Spirit   .   b - +0 leather armour
rPois    .         Reflect  .   (helmet restricted)
rElec    .         Harm     .   (no cloak)
rCorr    +         Rampage  .   (no gloves)
Will     .....     Rnd*Tele +   (boots unavailable)
Stlth    +.........             (no amulet)
HPRegen  0.07/turn              f - ring of teleportation (curse)
MPRegen  0.09/turn              h - ring of resist corrosion

@: hasted, very quick
A: beak, talons 3
a: Renounce Religion, Depart the Abyss, Bend Space


You were on level 2 of the Dungeon.
You worshipped Lugonu.
Lugonu was pleased with you.
You visited 1 branch of the dungeon, and saw 2 of its levels.
You visited the Abyss 1 time.

You collected 83 gold pieces.

Inventory:

Hand Weapons
 a - a +1 mace
 i - a +1 whip of draining (weapon)
Armour
 b - a +0 leather armour (worn)
Jewellery
 f - a cursed ring of teleportation (left hand)
 h - a ring of resist corrosion (right hand)
Scrolls
 d - a scroll of blinking
 g - a scroll of enchant armour {unknown}
 j - a scroll of magic mapping {unknown}
Potions
 e - a potion of brilliance {unknown}
 k - a potion of berserk rage {unknown}
 l - a potion of heal wounds {unknown}


   Skills:
 + Level 3.6 Fighting
 + Level 2.5 Maces & Flails
 + Level 2.6 Armour
 - Level 1.1 Dodging
 * Level 2.2 Invocations


You had 2 spell levels left.
You didn't know any spells.
Your spell library contained the following spells:

 Spells                   Type           Power        Failure   Level
 Animate Skeleton         Necr           0%           38%         1
 Apportation              Tloc           0%           38%         1
 Corona                   Hex            0%           38%         1
 Summon Small Mammal      Summ           0%           38%         1


Dungeon Overview and Level Annotations

Branches:
Dungeon (2/15)

Altars:


Innate Abilities, Weirdness & Mutations

You have a beak for a mouth.
You have claws for feet.


Message History

Pain shoots through your body!
You barely miss the orc priest. The orc priest closely misses you.
You closely miss the orc priest. Your peck misses the orc priest.
The orc priest hits you with a +0 flail.
You hit the orc priest. You peck the orc priest.
The orc priest is moderately wounded.
The orc priest calls down the wrath of Beogh upon you.
Beogh smites you!
Ouch! That really hurt!
* * * LOW HITPOINT WARNING * * *
You are too injured to fight recklessly!
You are too injured to fight recklessly!
Unknown command.
Okay, then.
It was a potion of haste.
You feel yourself speed up. The orc priest closely misses you.
The orc priest looks braver for a moment.
The orc priest calls down the wrath of Beogh upon you.
Beogh smites you!
You die...

#.# #.# #
#.# . #.# #
#.# #.#
######.####
...........#
#######.##@#
#..#.#
##.#o# .#o#
##o# #.# #o#
#.# ## ..#


You could see 2 orc priests and 2 orcs.

Vanquished Creatures
  2 oozes
  3 dart slugs (D:1)
  2 giant cockroaches
  A goblin (D:2)
  7 hobgoblins (D:1)
  5 kobolds
  4 bats
  A frilled lizard (D:1)
  4 rats
29 creatures vanquished.

Notes
Turn   | Place    | Note
-------+----------+-------------------------------------------
     0 | Abyss:1  | Jerry the Tengu Abyssal Knight began the quest for the Orb.
     0 | Abyss:1  | Reached XP level 1. HP: 14/14 MP: 3/3
    69 | Abyss:1  | Found a corrupted altar of Lugonu.
   106 | D:1      | Escaped the Abyss
   125 | D:1      | Reached XP level 2. HP: 15/19 MP: 4/4
   549 | D:1      | Reached XP level 3. HP: 19/23 MP: 5/5
   792 | D:1      | Reached ** piety under Lugonu
  1623 | D:2      | HP: 1/23 [orc priest/divine providence (13)]
  1626 | D:2      | Killed from afar by an orc priest

Illustrated notes

Levels and vault maps discovered:
D:1:      dpeg_arrival_round_b, layout_loops_ring
D:2:      layout_loops_ring

Skill      XL: |  1  2 |
---------------+-------+-----
Invocations    | 2 |  2.2
Fighting       | |  3.6
Maces & Flails | |  2.5
Armour         | |  2.6
Dodging        | |  1.1

Action                   || total
-------------------------++-------
Melee: Mace              ||    39
       Peck              ||     8
       Kick              ||    15
       Whip              ||    18
  Use: Scroll            ||     1
       Potion            ||     1
 Stab: Sleeping          ||     2
Armor: Leather armour    ||     8
Dodge: Dodged            ||    33
